 Dungeon Crawl Stone Soup version 0.29-a0-993-g4a18f31a58 (webtiles) character file.

Game seed: 12127515511191259587

571242 wingedge the Cryomancer (level 27, -29/228 (231) HPs)
             Began as a Human Ice Elementalist on July 31, 2022.
             Was the Champion of Qazlal.
             Killed by the air
             ... invoked by a titan
              (44 damage)
             ... on level 5 of the Vaults on Aug 2, 2022.
             The game lasted 13:51:46 (68809 turns).

wingedge the Cryomancer (Human Ice Elementalist)   Turns: 68809, Time: 13:51:47

HP:   -29/228 (231) AC: 21    Str: 14    XL:     27
MP:   18/38         EV: 18    Int: 27    God:    Qazlal [******]
Gold: 2811          SH: 18    Dex: 15    Spells: 2/56 levels left

rFire   + + +      SeeInvis +   c - staff of cold
rCold   + + +      Faith    .   E - +3 buckler {rF+}
rNeg    . . .      Spirit   .   p - +4 skin of Zhor {*Englaciate rC+++ SInv}
rPois   .          Reflect  .   z - +2 hat
rElec   .          Harm     .   X - +2 cloak
rCorr   .          Rampage  +   N - +2 pair of gloves
Will    ++...                   I - +2 pair of boots {rampage}
Stlth   +.........              n - amulet of magic regeneration
HPRegen 0.48/turn               C - ring "Ymot" {*Slow Fly rF++ rC+ Str+4}
MPRegen 0.66/turn               T - ring of wizardry

@: in a vortex, protected from physical damage, on berserk cooldown, flying,
hasted, lightly drained, repel missiles, very quick
A: hooves 1, horns 1, thin skeletal structure 1, clumsy 1, deformed body, low MP
1, robust 1, screaming 1
}: 4/15 runes: decaying, slimy, abyssal, gossamer
a: Renounce Religion, Upheaval, Elemental Force, Disaster Area


You were on level 5 of the Vaults.
You worshipped Qazlal.
Qazlal was exalted by your worship.
You visited 10 branches of the dungeon, and saw 48 of its levels.
You visited the Abyss 2 times.
You also visited: Bailey, Ice Cave and Desolation.

You collected 8037 gold pieces.
You spent 5226 gold pieces at shops.

Inventory:

Hand Weapons
 a - the +10 scimitar of Lisugos {freeze, rElec rN+}
   (You took it off a deep elf demonologist on level 3 of the Elven Halls)

   It freezes those it strikes, dealing additional cold damage.
   It can also slow down cold-blooded creatures.
   rElec:     It insulates you from electricity.
   rN:        It protects you from negative energy.
 e - a +2 antimagic falchion
 h - a +8 double sword of holy wrath
 q - a +6 quick blade of draining
 x - a +7 scimitar of protection
Missiles
 M - 14 curare-tipped darts
 U - 9 throwing nets (quivered)
 Z - 8 silver javelins
Armour
 p - the +4 skin of Zhor (worn) {*Englaciate rC+++ SInv}
   (You found it on level 3 of the Lair of Beasts)

   It radiates cold, occasionally slowing all nearby creatures who are not
   resistant to cold.
   rC:        It renders you almost immune to cold.
   SInv:      It lets you see invisible.
 u - the +2 faerie dragon scales {rF- rN+ rCorr SInv}
   (You took it off the Enchantress on level 4 of the Depths)

   rF:        It makes you vulnerable to fire.
   rN:        It protects you from negative energy.
   SInv:      It lets you see invisible.
   rCorr:     It protects you from acid and corrosion.
 z - a +2 hat (worn)
 E - a +3 buckler of fire resistance (worn)
 I - a +2 pair of boots of rampaging (worn)
 K - the +1 robe of the Vestibule of Hell {rC+ Will+ SInv}
   (You found it on level 9 of the Dungeon)

   rC:        It protects you from cold.
   SInv:      It lets you see invisible.
   Will:      It increases your willpower.
 N - a +2 pair of gloves (worn)
 X - a +2 cloak (worn)
Magical Staves
 b - a staff of conjuration
 c - a staff of cold (weapon)
 d - a staff of death
Jewellery
 n - an amulet of magic regeneration (around neck)
 w - the ring "Fadeh" {rN+ Dex+5 Slay+4}
   (You found it in the Desolation of Salt)

   [ring of slaying]

   Dex:       It affects your dexterity (+5).
   Slay:      It affects your accuracy & damage with ranged weapons and melee
   (+4).
   rN:        It protects you from negative energy.
 y - the ring of Harpha {rPois rN+ Str+3 Int-3 Dex+6}
   (You found it in the Desolation of Salt)

   [ring of dexterity]

   Str:       It affects your strength (+3).
   Int:       It affects your intelligence (-3).
   Dex:       It affects your dexterity (+6).
   rPois:     It protects you from poison.
   rN:        It protects you from negative energy.
 C - the ring "Ymot" (left hand) {*Slow Fly rF++ rC+ Str+4}
   (You found it on level 3 of the Elven Halls)

   [ring of flight]

   Str:       It affects your strength (+4).
   rF:        It greatly protects you from fire.
   rC:        It protects you from cold.
   Fly:       It grants you flight.
   *Slow:     It may slow you when you take damage.
 G - a ring of resist corrosion
 T - a ring of wizardry (right hand)
Wands
 B - a wand of quicksilver (23)
 H - a wand of digging (15)
Scrolls
 l - 15 scrolls of teleportation
 m - 5 scrolls of torment
 o - 6 scrolls of magic mapping
 t - 5 scrolls of fear
 A - 7 scrolls of immolation
 F - a scroll of silence
 P - 7 scrolls of butterflies
 S - 2 scrolls of enchant armour
Potions
 f - a potion of berserk rage
 g - 5 potions of brilliance
 i - 4 potions of curing
 k - 11 potions of might
 v - 3 potions of invisibility
 D - a potion of resistance
 J - 4 potions of ambrosia
 Q - 5 potions of attraction
 R - 3 potions of mutation
 Y - 2 potions of cancellation
Miscellaneous
 s - a phial of floods


   Skills:
 - Level 16.0 Fighting
 - Level 6.6(12.5) Short Blades
 - Level 16.5(17.0) Long Blades
 - Level 0.5 Maces & Flails
 - Level 5.0 Throwing
 - Level 12.0 Armour
 - Level 12.0 Dodging
 - Level 6.0 Stealth
 - Level 13.0 Shields
 + Level 15.3 Spellcasting
 - Level 11.0 Conjurations
 - Level 11.0 Necromancy
 - Level 4.0 Translocations
 - Level 10.3 Transmutations
 - Level 24.0 Ice Magic
 - Level 11.0 Air Magic
 - Level 5.0 Earth Magic
 - Level 3.0 Evocations


You had 2 spell levels left.
You knew the following spells:

 Your Spells              Type           Power      Damage    Failure   Level
a - Freezing Cloud        Conj/Ice/Air   50%        6-21      1%          5
b - Ozocubu's Armour      Ice            100%       N/A       0%          3
c - Simulacrum            Ice/Necr       53%        N/A       1%          6
d - Wereblood             Tmut           67%        N/A       1%          2
e - Ozocubu's Refrigerat  Ice            61%        4d21      1%          7
f - Hailstorm             Conj/Ice       100%       3d20      0%          4
g - Death Channel         Necr           34%        N/A       1%          6
h - Irradiate             Conj/Tmut      34%        3d23      1%          5
i - Apportation           Tloc           84%        N/A       1%          1
k - Conjure Ball Lightni  Conj/Air       34%        3x3d11    1%          6
l - Polar Vortex          Ice            61%        N/A       6%          9

Your spell library contained the following spells:

 Spells                   Type           Power      Damage    Failure   Level
 Freeze                   Ice            100%       1d11      0%          1
 Magic Dart               Conj           100%       1d8       1%          1
 Sandblast                Erth           96%        2d20      1%          1
 Shock                    Conj/Air       100%       1d9       1%          1
 Slow                     Hex            80%        N/A       1%          1
 Blink                    Tloc           84%        N/A       1%          2
 Call Imp                 Summ           20%        N/A       1%          2
 Ensorcelled Hibernation  Hex/Ice        100%       N/A       1%          2
 Passwall                 Tmut/Erth      48%        N/A       1%          2
 Poisonous Vapours        Pois/Air       100%       N/A       1%          2
 Scorch                   Fire           40%        2d7       1%          2
 Searing Ray              Conj           100%       2d8       1%          2
 Static Discharge         Conj/Air       68%        3-12/arc  1%          2
 Sublimation of Blood     Necr           68%        N/A       1%          2
 Frozen Ramparts          Ice            100%       1d18      0%          3
 Conjure Flame            Conj/Fire      50%        6-21      1%          3
 Dazzling Flash           Conj/Hex       100%       N/A       1%          3
 Gell's Gravitas          Tloc           42%        N/A       1%          3
 Ignite Poison            Fire/Tmut/Pois 39%        N/A       1%          3
 Mephitic Cloud           Conj/Pois/Air  57%        N/A       1%          3
 Portal Projectile        Hex/Tloc       62%        N/A       1%          3
 Spider Form              Tmut/Pois      48%        N/A       1%          3
 Stone Arrow              Conj/Erth      100%       3d13      1%          3
 Swiftness                Air            68%        N/A       1%          3
 Teleport Other           Tloc           42%        N/A       1%          3
 Vampiric Draining        Necr           68%        2d10      1%          3
 Airstrike                Air            34%        2d(5-21)  1%          4
 Anguish                  Hex/Necr       25%        N/A       1%          4
 Animate Dead             Necr           68%        N/A       1%          4
 Corpse Rot               Necr/Pois/Air  57%        N/A       1%          4
 Dispel Undead            Necr           68%        3d23      1%          4
 Flame Wave               Conj/Fire      50%        2d12      1%          4
 Fulminant Prism          Conj/Hex       25%        3d14      1%          4
 Iskenderun's Mystic Bla  Conj/Tloc      57%        2d12      1%          4
 Sticky Flame             Conj/Fire      50%        2d7       1%          4
 Summon Lightning Spire   Summ/Air       50%        N/A       1%          4
 Blade Hands              Tmut           33%        N/A       1%          5
 Borgnjor's Vile Clutch   Necr/Erth      29%        N/A       1%          5
 Iskenderun's Battlesphe  Conj           68%        2d12      1%          5
 Lightning Bolt           Conj/Air       34%        1d51      1%          5
 Metabolic Englaciation   Hex/Ice        45%        N/A       1%          5
 Confusing Touch          Hex            20%        N/A       3%          3
 Summon Guardian Golem    Hex/Summ       20%        N/A       3%          3
 Tukima's Dance           Hex            20%        N/A       3%          3
 Fireball                 Conj/Fire      25%        3d11      3%          5
 Leda's Liquefaction      Hex/Erth       17%        N/A       4%          4
 Alistair's Intoxication  Tmut/Pois      32%        N/A       4%          5
 Lee's Rapid Deconstruct  Erth           24%        3d14*     4%          5
 Yara's Violent Unravell  Hex/Tmut       24%        3d11      4%          5
 Manifold Assault         Tloc           42%        N/A       6%          5
 Iron Shot                Conj/Erth      29%        9d6       6%          6
 Orb of Destruction       Conj           34%        9d10      11%         7
 Cause Fear               Hex            10%        N/A       12%         4
 Olgreb's Toxic Radiance  Pois           20%        N/A       12%         4
 Storm Form               Tmut/Air       34%        N/A       12%         7
 Summon Forest            Summ/Tloc      15%        N/A       14%         5
 Dragon Form              Tmut           33%        N/A       14%         7
 Starburst                Conj/Fire      25%        6d8       17%         6
 Eringya's Noxious Bog    Tmut/Pois      24%        N/A       21%         6
 Dispersal                Tloc           21%        N/A       32%         6
 Borgnjor's Revivificati  Necr           34%        N/A       58%         8
 Maxwell's Capacitive Co  Air            34%        ∞         58%         8
 Spellforged Servitor     Conj/Summ      25%        N/A       65%         7
 Necromutation            Tmut/Necr      34%        N/A       65%         8
 Summon Cactus Giant      Summ           10%        N/A       83%         6
 Summon Hydra             Summ           10%        N/A       100%        7
 Discord                  Hex            10%        N/A       100%        8
 Disjunction              Tloc           21%        N/A       100%        8
 Ignition                 Fire           10%        3d5       100%        8
 Death's Door             Necr           34%        N/A       100%        9


Dungeon Overview and Level Annotations

Branches:
Dungeon (15/15)            Temple (1/1) D:4            Lair (5/5) D:10
  Swamp (4/4) Lair:3       Spider (4/4) Lair:2        Slime (5/5) Lair:5
    Orc (2/2) D:12            Elf (3/3) Orc:2        Vaults (5/5) D:13
  Crypt (0/3) Vaults:3     Depths (4/4) D:15            Zot (0/5) Depths:4
 Bailey (visited)           IceCv (visited)         Desolation (visited)

Altars:
Ashenzari
Cheibriados
Dithmenos
Elyvilon
Fedhas
Gozag
Hepliaklqana
Kikubaaqudgha
Makhleb
Nemelex Xobeh
Okawaru
Qazlal
Ru
Sif Muna
Trog
Uskayaw
Vehumet
Wu Jian
Xom
Yredelemnul
Zin
The Shining One
Jiyva

Shops:
D:1 :(:*(   D:2 (   D:12 [   D:14 ?   Orc:2 :*(?:   Elf:1 (   Vaults:2 ?

Portals:
Hell: Depths:1 Depths:2 Depths:3 Depths:4
Abyss: Depths:3
Pandemonium: Depths:2
Ziggurat: Depths:2

Annotations:
D:8 dropped orb of wrath


Innate Abilities, Weirdness & Mutations

You have large cloven feet.
You have a pair of small horns on your head.
You have a somewhat thin skeletal structure. (Dex +2, Stealth+)
You are clumsy. (Dex -2)
Armour fits poorly on your strangely shaped body.
Your magical capacity is low. (-10% MP)
You are robust. (+10% HP)
You occasionally shout uncontrollably at your foes.


Message History

The cyan ugly thing looks frightened!
The yaktaur looks frightened!
The vault guard looks frightened!
Your attack snaps the stone giant out of its fear.
Your attack snaps the white very ugly thing out of its fear.
Your attack snaps the frost giant out of its fear.
Your attack snaps the tengu reaver out of its fear.
You hear a shout!
You hear a horrible gurgling sound!
The vault guard unwields a +0 longbow.
The vault guard wields a +0 great mace of draining.
You sense an unholy aura.
The vault guard hits something with a +0 great mace of draining!!
You feel better.
Your attack snaps the vault guard out of its fear.
You hear a shout!
You hear a horrible gurgling sound!
A deep elf high priest comes into view. It is wielding a +0 scimitar.
You hear two shouts!
You hear a deafening roar!
The tengu reaver seems less brilliant.
The tengu reaver is empowered by the deep elf high priest's aura!
You block the stone giant's attack.
The titan waves its arms in wide circles.
The air twists around and strikes you!!!
* * * LOW HITPOINT WARNING * * *
You feel better.
You kill the stone giant!
Qazlal accepts your kill.
Your protection from physical attacks is fading.
You hear two shouts!
The white very ugly thing engulfs you but does no damage.
A storm dragon comes into view.
You feel better.
You kill the stone giant!
Qazlal accepts your kill.
The frost giant points at you and mumbles some strange words.
The bolt of cold hits you. You resist.
* * * LOW HITPOINT WARNING * * *
The vault warden activates a sealing rune.
A stone giant comes into view.
The titan waves its arms in wide circles.
The air twists around and strikes you!!!
You die...

#....#. .###....#...#
#.O#....#....
...........
###c.......#############
...........§§§§§§§§§§§..
......<<.DQe§§§§§§§§§§..
....)<))u..e§§§°@§§§§§..
..).))<<.C.CCpC§u§§§§§..
###.)))e)pD#############
u.).))))..p...
.X.)#)Cp)#....
##..#[(DC#.... #.
#.Z).#. .. # #....#. .
#.)..#


You could see a shadow dragon, a titan (empowered), a storm dragon, a frost
giant (empowered), a white very ugly thing, 2 stone giants, a vault warden
(empowered), a tengu reaver (empowered, fleeing), a vault guard and 2 deep elf
high priests.

Vanquished Creatures
  Mennas (Depths:4)
  Mara (Depths:2)
  A juggernaut (Depths:3)
  Sojobo (Depths:4)
  the Lernaean hydra (Swamp:4)
  Boris (Depths:3)
  Bai Suzhen (Depths:2)
  A caustic shrike (Depths:4)
  2 golden dragons (Depths:4)
  A bone dragon (Abyss:4)
  the Enchantress (Depths:4)
  The ghost of Hyuliamusu the Eclecticist, an adept DjSu of Makhleb (Vaults:4)
  Jorgrun (D:12)
  2 tentacled monstrosities
  5 liches
  A titan (Depths:4)
  2 deep elf master archers (Elf:3)
  8 acid blobs
  Frances (D:14)
  The ghost of Oniofy the Earth Mage, an adept SpVM of Vehumet (Vaults:4)
  The ghost of Juyf the Stormcaller, an adept OpAE of Gozag (Vaults:4)
  3 sphinxes
  3 deep elf blademasters
  Agnes (Elf:1)
  Kirke (Lair:5)
  The ghost of Bysat the Warrior, an adept DgFi (Depths:4)
  3 shadow dragons
  4 tentacled starspawn (Abyss:4)
  Gastronok (D:11)
  4 tengu reavers
  Donald (Spider:2)
  10 azure jellies
  A storm dragon (Vaults:5)
  A draconian knight (Depths:4)
  14 rockslimes
  3 fire giants
  2 iron dragons
  5 orc warlords
  3 imperial myrmidons (Desolation)
  The ghost of Faeteph the Fighter, a journeyman FoHu of Fedhas (D:14)
  A frost giant (Vaults:5)
  4 deep elf sorcerers
  Aizul (Vaults:4)
  Louise (D:15)
  A curse skull (Vaults:3)
  2 emperor scorpions (Spider:4)
  25 ironbound preservers
  5 ghost moths
  19 vault wardens
  3 reapers (IceCv)
  28 very ugly things
  5 deep elf elementalists (Elf:3)
  9 ironbound thunderhulks
  3 broodmothers
  6 spriggan defenders
  10 quicksilver oozes
  12 stone giants
  7 war gargoyles
  A vampire knight (Depths:2)
  A black draconian (Depths:4)
  8 eleionomae
  6 deep elf demonologists
  The ghost of kevlar127 the Grappler, a journeyman TrBe of Trog (Orc:2)
  A purple draconian (Depths:4)
  The ghost of Dootley the Carver, a journeyman FoFi of Dithmenos (Orc:1)
  A halazid warlock (Desolation)
  13 spark wasps
  12 dire elephants
  5 deep elf annihilators
  2 entropy weavers
  2 bunyips (Swamp:4)
  8 deep elf death magi
  2 crystal guardians (Desolation)
  Snorg (Lair:3)
  8 ettins
  5 fire dragons
  11 yaktaur captains
  Josephine (D:11)
  12 great orbs of eyes
  A ragged hierophant (Desolation)
  6 deep elf high priests
  Harold (D:9)
  A shambling mangrove (Swamp:4)
  A hell beast (Depths:4)
  2 rakshasas (Depths:1)
  9 ice dragons
  7 servants of whispers (Desolation)
  7 catoblepae
  A jorogumo (Spider:3)
  5 ogre magi
  21 hydras
  6 boulder beetles
  9 ironbound frosthearts
  10 peacekeepers
  A caustic shrike simulacrum (IceCv)
  20 two-headed ogres
  12 centaur warriors
  5 spriggan air magi
  38 vault guards
  A ghost crab (Lair:3)
  10 alligators
  A radroach (Spider:4)
  Erica (D:7)
  12 death yaks
  23 dancing weapons
  2 death knights
  A death scarab (Spider:2)
  2 tengu warriors
  2 deep troll earth magi
  5 deep troll shamans
  A vampire mage (Depths:1)
  2 spriggan berserkers (Depths:4)
  3 orc high priests
  2 hell hogs (Depths:4)
  2 soul eaters
  Nergalle (Lair:3)
  2 sun demons (Depths:4)
  12 hell knights
  Sonja (D:11)
  24 deep elf knights
  Amaemon (Lair:1)
  17 spriggans
  A sun moth (Spider:4)
  8 pharaoh ants
  A salamander mystic (Depths:4)
  8 goliath frogs
  A wretched star (Abyss:4)
  2 iron trolls (Depths:1)
  3 spriggan druids
  A skeletal warrior (Vaults:3)
  7 orb spiders
  3 glowing orange brains
  A shadow demon (Depths:2)
  8 bog bodies
  2 flayed ghosts
  6 steelbarb worms
  2 obsidian statues
  Pikel (D:5)
  2 starcursed masses (Abyss:4)
  77 deep trolls
  An orange crystal statue (IceCv)
  A tengu zombie (Vaults:2)
  22 ironbound convokers
  15 orc knights
  8 harpies
  5 wizards
  12 lindwurms
  10 swamp dragons
  A phantasmal warrior (Abyss:4)
  16 deep elf archers
  6 spectral wolf spiders (Spider:4)
  6 necromancers
  6 spriggan simulacra (IceCv)
  A mana viper (shapeshifter) (D:15)
  4 wolf spider zombies (Spider:4)
  22 deep elf pyromancers
  2 human zombies
  7 shining eyes
  24 deep elf zephyrmancers
  27 wolf spiders
  4 cyclopes
  A frost giant zombie (Vaults:2)
  A worldbinder (Abyss:4)
  A wolf spider (shapeshifter) (Vaults:3)
  A fire giant zombie (Vaults:2)
  5 orc sorcerers
  2 salamanders (Depths:4)
  28 ugly things
  2 manticores (Lair:5)
  5 black mambas
  3 will-o-the-wisps
  A moth of wrath (shapeshifter) (Elf:1)
  2 eyes of devastation (Slime:5)
  20 elephants
  Maurice (D:8)
  A fire giant skeleton (Vaults:2)
  4 moths of wrath
  A stone giant skeleton (Vaults:3)
  Joseph (D:7)
  3 guardian serpents (Desolation)
  An orange demon (Lair:1)
  An apocalypse crab (Abyss:4)
  A molten gargoyle (Desolation)
  23 vault sentinels
  6 torpor snails
  Maggie (D:9)
  A gargoyle (D:12)
  A smoke demon (Depths:4)
  An unseen horror (D:12)
  8 rime drakes
  40 yaktaurs
  9 demonic crawlers
  5 cane toads
  An anaconda simulacrum (IceCv)
  8 freezing wraiths
  2 entropy weaver simulacra (IceCv)
  9 komodo dragons
  4 tengu conjurers
  A hellwing (Abyss:4)
  A red devil (Depths:2)
  4 ice devils
  A polar bear (Lair:5)
  9 tyrant leeches
  13 trolls
  A bloated husk (Swamp:3)
  A merfolk (shapeshifter) (Vaults:5)
  21 hornets
  A blink frog (shapeshifter) (D:15)
  2 wolf spider simulacra (Spider:4)
  Prince Ribbit (D:9)
  13 blink frogs
  93 slime creatures
  6 raiju
  55 saltlings (Desolation)
  37 tarantellas
  A tarantella (shapeshifter) (D:15)
  2 air elementals (Elf:1)
  48 jumping spiders
  2 water elementals
  6 wraiths
  2 ynoxinuls
  A shadow (D:9)
  7 wyverns
  2 dire elephant simulacra (IceCv)
  24 culicivoras
  A deep troll skeleton (Vaults:2)
  Grum (D:8)
  2 vampires
  32 yaks
  5 golden eyes
  3 fire elementals
  32 redbacks
  5 basilisks
  19 vampire mosquitoes
  7 hogs (Lair:5)
  A yaktaur simulacrum (Vaults:2)
  A minotaur simulacrum (IceCv)
  2 steam dragons
  8 wargs
  2 human simulacra
  12 neqoxecs
  Menkaure (D:5)
  Duvessa (D:4)
  A large abomination (Abyss:4)
  12 water moccasins
  12 swamp worms
  An ice beast (shapeshifter) (D:15)
  5 sky beasts
  10 swamp drakes
  An alligator simulacrum (IceCv)
  An ettin simulacrum (IceCv)
  2 ice beasts (D:6)
  2 black bears (Lair:1)
  A small abomination (Abyss:4)
  32 orc warriors
  5 centaurs
  29 ogres
  25 wolves
  3 lemures (D:5)
  4 boggarts (Lair:5)
  2 phantoms
  3 human skeletons
  A kobold brigand (D:8)
  8 bullfrogs
  2 earth elementals (Elf:2)
  11 gnoll sergeants
  A necrophage (D:5)
  3 scorpions
  3 deep troll simulacra (IceCv)
  A glowing shapeshifter simulacrum (Vaults:2)
  5 wights (D:6)
  Dowan (D:4)
  A lindwurm simulacrum (IceCv)
  5 howler monkeys
  2 electric eels
  3 crimson imps (Abyss:3)
  A lava snake (D:7)
  3 quasits (Orc:1)
  Crazy Yiuf (D:4)
  13 orc priests
  6 gnoll boudas (Bailey)
  8 hounds
  5 iguanas
  3 jellies
  Ijyb (D:5)
  15 orc wizards
  21 gnolls
  6 adders
  A shadow imp (D:7)
  A white imp (Abyss:3)
  An ufetubus (D:5)
  3 worms
  2 dart slugs
  67 orcs
  15 endoplasms
  5 giant cockroaches
  10 goblins
  11 hobgoblins
  11 jackals
  10 kobolds
  4 quokkas
  2 training dummies (D:4)
  8 ball pythons
  10 bats
  5 frilled lizards
  5 rats
  A starspawn tentacle (Abyss:4)
2114 creatures vanquished.

Vanquished Creatures (collateral kills)
  the Royal Jelly (Slime:5)
  An ancient lich (Vaults:5)
  Saint Roka (Depths:4)
  A golden dragon (Vaults:3)
  3 tentacled monstrosities (Vaults:5)
  An acid blob (Slime:5)
  2 storm dragons (Vaults:5)
  A frost giant (Depths:3)
  4 vault wardens
  2 ironbound preservers
  4 quicksilver oozes
  2 stone giants
  A very ugly thing (Vaults:5)
  A green draconian (Depths:4)
  A yellow draconian (Depths:4)
  A deep elf death mage (Vaults:3)
  An ettin (Vaults:5)
  3 fire dragons
  3 vault guards
  A ragged hierophant (Desolation)
  2 servants of whispers (Desolation)
  3 peacekeepers (Desolation)
  A dancing weapon (Vaults:5)
  A tengu warrior (Depths:4)
  2 spriggan berserkers
  3 soul eaters (Depths:4)
  A deep elf archer (Depths:3)
  2 phantasmal warriors (Vaults:3)
  2 orc knights (Depths:3)
  A wolf spider (shapeshifter) (Depths:4)
  An ugly thing (Depths:4)
  An eye of devastation (shapeshifter) (Depths:3)
  2 freezing wraiths (Vaults:5)
  A troll (Depths:4)
  5 hornets
  4 slime creatures (Slime:3)
  3 saltlings (Desolation)
  4 spriggans
  2 orc warriors (Depths:4)
  4 orcs (Depths:4)
  2 ball lightnings
82 creatures vanquished.

Vanquished Creatures (others)
  A yaktaur captain (Vaults:5)
  2 vault guards (Vaults:5)
  An ugly thing (Depths:1)
  A bloated husk (Swamp:3)
  A yak (D:11)
  3 kobolds (D:8)
  198 ball lightnings
  3 demonic plants (D:3)
  14 foxfires
  32 fungi
  65 plants
  12 starspawn tentacles
  A withered plant (Vaults:4)
334 creatures vanquished.

Grand Total: 2530 creatures vanquished

Notes
Turn   | Place    | Note
-------+----------+-------------------------------------------
     0 | D:1      | wingedge the Human Ice Elementalist began the quest for the
                  | Orb.
     0 | D:1      | Reached XP level 1. HP: 13/13 MP: 3/3
    67 | D:1      | Found Baentiom's Antique Weapon Emporium.
    86 | D:1      | Found Qyemnoe's Book Boutique.
   220 | D:1      | Reached skill level 1 in Fighting
   296 | D:1      | Reached XP level 2. HP: 20/21 MP: 1/5
   392 | D:1      | Found Tiulubyw's Antique Weapon Shop.
   600 | D:1      | Reached XP level 3. HP: 27/27 MP: 4/6
   620 | D:1      | Found Aqi Jawn's General Store.
   775 | D:1      | Learned a level 3 spell: Ozocubu's Armour
   867 | D:1      | Found Foockien's Book Boutique.
  1074 | D:2      | Found Nifew's Weapon Emporium.
  1101 | D:2      | Reached XP level 4. HP: 33/34 MP: 5/7
  1106 | D:2      | Found a glowing silver altar of Zin.
  1843 | D:2      | Reached skill level 1 in Short Blades
  1952 | D:2      | Learned a level 3 spell: Frozen Ramparts
  2254 | D:3      | Found a shimmering altar of Xom.
  2352 | D:3      | Found a faded altar of an unknown god.
  2527 | D:3      | Reached XP level 5. HP: 38/39 MP: 5/8
  2595 | D:3      | Noticed a +0 hand axe
  2595 | D:3      | Noticed a +0 hand axe
  2600 | D:3      | Found a hide-covered altar of Uskayaw.
  2833 | D:3      | Found a sparkling altar of Nemelex Xobeh.
  3003 | D:4      | Noticed Duvessa
  3004 | D:4      | Noticed Dowan
  3012 | D:4      | Killed Duvessa
  3013 | D:4      | Reached skill level 1 in Armour
  3013 | D:4      | Reached skill level 5 in Ice Magic
  3013 | D:4      | Reached XP level 6. HP: 30/46 MP: 0/9
  3018 | D:4      | Killed Dowan
  3249 | D:4      | Found an iron altar of Okawaru.
  3292 | D:4      | Found a staircase to the Ecumenical Temple.
  3302 | Temple   | Entered the Ecumenical Temple
  3658 | D:4      | Found a runed translucent door.
  3659 | D:4      | Noticed Crazy Yiuf
  3666 | D:4      | Killed Crazy Yiuf
  3929 | D:4      | Reached XP level 7. HP: 52/52 MP: 5/11
  3976 | D:4      | Reached skill level 1 in Necromancy
  4146 | D:5      | Entered Level 5 of the Dungeon
  4229 | D:5      | Reached skill level 1 in Conjurations
  4246 | D:5      | Reached skill level 1 in Earth Magic
  4353 | D:5      | Noticed Menkaure
  4360 | D:5      | Learned a level 1 spell: Sandblast
  4375 | D:5      | Killed Menkaure
  4398 | D:5      | Reached XP level 8. HP: 13/60 MP: 6/12
  4643 | D:5      | Learned a level 3 spell: Stone Arrow
  4648 | D:5      | dig for books
  4648 | D:5      | test
  4648 | D:5      | asdkfasdf
  4648 | D:5      | dfdfd
  4648 | D:5      | need dig
  4813 | D:1      | Bought a +1 rapier of flaming for 170 gold pieces
  4813 | D:1      | Bought 2 scrolls of noise for 24 gold pieces
  4813 | D:1      | Bought a scroll of enchant weapon for 90 gold pieces
  5076 | D:5      | Noticed Ijyb
  5082 | D:5      | Killed Ijyb
  5268 | D:5      | Reached skill level 6 in Ice Magic
  5475 | D:5      | Noticed Pikel
  5489 | D:5      | Killed Pikel
  5490 | D:5      | Reached skill level 5 in Fighting
  5490 | D:5      | Reached XP level 9. HP: 56/68 MP: 5/14
  5944 | D:6      | Reached skill level 1 in Shields
  6157 | D:6      | Learned a level 4 spell: Hailstorm
  6523 | D:6      | Reached XP level 10. HP: 39/76 MP: 1/16
  6710 | D:6      | Found a shadowy altar of Dithmenos.
  7227 | D:7      | Noticed Joseph
  7236 | D:7      | Killed Joseph
  7261 | D:7      | Reached skill level 1 in Throwing
  8257 | D:7      | Reached skill level 7 in Ice Magic
  8469 | D:8      | Reached skill level 5 in Conjurations
  8518 | D:8      | Found a flagged portal.
  8574 | Bailey   | Entered a bailey
  9030 | Bailey   | Reached skill level 5 in Earth Magic
  9357 | Bailey   | Reached XP level 11. HP: 56/83 MP: 5/18
  9794 | D:1      | Bought a book of Blood for 392 gold pieces
  9798 | D:1      | Learned a level 2 spell: Sublimation of Blood
  9848 | D:1      | Bought a book of Transfigurations for 400 gold pieces
  9885 | D:1      | Bought a potion of magic for 96 gold pieces
 10184 | D:8      | Noticed Erica
 10200 | D:7      | Killed Erica
 10201 | D:7      | Reached skill level 5 in Short Blades
 10389 | D:8      | Noticed Maurice
 10409 | D:8      | Killed Maurice
 10410 | D:8      | Reached skill level 1 in Transmutations
 10491 | D:8      | Noticed Grum
 10512 | D:8      | Killed Grum
 10800 | D:8      | Reached skill level 5 in Spellcasting
 10991 | D:9      | Found a shimmering blue altar of Sif Muna.
 11111 | D:9      | Identified the +1 robe of the Vestibule of Hell {rC+ Will+
                  | SInv}
 11355 | D:9      | Found a bloodstained altar of Trog.
 11492 | D:9      | Reached skill level 5 in Stealth
 11676 | D:9      | Noticed Prince Ribbit
 11682 | D:9      | Killed Prince Ribbit
 11706 | D:9      | Noticed Maggie
 11706 | D:9      | Noticed Harold
 11725 | D:9      | Killed Harold
 11742 | D:9      | Killed Maggie
 12035 | D:10     | Entered Level 10 of the Dungeon
 12211 | D:10     | Found a staircase to the Lair.
 12304 | D:10     | Found a snail-covered altar of Cheibriados.
 12385 | D:10     | Found an opulent altar of Gozag.
 12512 | D:10     | Reached skill level 5 in Shields
 12512 | D:10     | Reached XP level 12. HP: 91/91 MP: 8/20
 12597 | D:10     | Learned a level 5 spell: Irradiate
 12686 | D:10     | Found a stormy altar of Qazlal.
 12694 | D:10     | Became a worshipper of Qazlal Stormbringer
 13009 | Lair:1   | Entered Level 1 of the Lair of Beasts
 13361 | Lair:1   | Reached skill level 8 in Ice Magic
 13361 | Lair:1   | Reached skill level 1 in Air Magic
 13975 | Lair:1   | Noticed Amaemon
 13984 | Lair:1   | Killed Amaemon
 14455 | Lair:2   | Reached * piety under Qazlal
 14799 | D:1      | Bought a book of Ice for 644 gold pieces
 15366 | Lair:2   | Learned a level 5 spell: Freezing Cloud
 15471 | Lair:2   | Found a hole to the Spider Nest.
 15471 | Lair:2   | Noticed an orb spider
 15474 | Lair:2   | Killed an orb spider
 15594 | Lair:2   | Reached XP level 13. HP: 98/98 MP: 7/22
 15597 | Lair:2   | Reached skill level 5 in Transmutations
 15917 | Lair:3   | Noticed Nergalle
 15927 | Lair:3   | Killed Nergalle
 15981 | Lair:3   | Noticed a catoblepas
 15985 | Lair:3   | Noticed a boulder beetle
 15991 | Lair:3   | Killed a catoblepas
 16027 | Lair:3   | Killed a boulder beetle
 16063 | Lair:3   | Noticed a five-headed hydra
 16070 | Lair:3   | Killed a five-headed hydra
 16199 | Lair:3   | Found a staircase to the Swamp.
 16221 | Lair:3   | Noticed Snorg
 16245 | Lair:3   | Killed Snorg
 16488 | Lair:3   | Reached ** piety under Qazlal
 16511 | Lair:3   | Learned a level 4 spell: Dispel Undead
 16547 | Lair:3   | Found the +4 skin of Zhor {*Englaciate rC+++ SInv}
 16684 | Lair:3   | Reached skill level 5 in Dodging
 17259 | Lair:4   | Noticed a five-headed hydra
 17361 | Lair:4   | Found the +4 robe of Folly {Brilliance Will-∞ Int+8}
 17659 | Lair:5   | Entered Level 5 of the Lair of Beasts
 17763 | Lair:5   | Reached skill level 5 in Armour
 17910 | Lair:5   | Noticed a catoblepas
 18017 | Lair:5   | Reached XP level 14. HP: 97/106 MP: 5/24
 18095 | Lair:5   | Noticed Kirke
 18103 | Lair:5   | Reached *** piety under Qazlal
 18117 | Lair:5   | Noticed a sphinx
 18180 | Lair:5   | Reached skill level 9 in Ice Magic
 18186 | Lair:5   | Reached skill level 5 in Air Magic
 18644 | Lair:5   | Killed Kirke
 18713 | Lair:5   | Reached skill level 5 in Necromancy
 19185 | Lair:5   | Found a viscous altar of Jiyva.
 19185 | Lair:5   | Found a staircase to the Slime Pits.
 19603 | Lair:5   | Reached **** piety under Qazlal
 19619 | Lair:5   | Reached XP level 15. HP: 73/113 MP: 5/26
 20185 | D:11     | Noticed Gastronok
 20197 | D:11     | Killed Gastronok
 20321 | D:11     | Noticed Josephine
 20326 | D:11     | Noticed Sonja
 20330 | D:11     | Killed Josephine
 20331 | D:11     | Killed Sonja
 20578 | D:11     | Learned a level 2 spell: Wereblood
 20940 | D:12     | Learned a level 1 spell: Apportation
 21012 | D:12     | Reached ***** piety under Qazlal
 21057 | D:12     | Reached skill level 10 in Ice Magic
 21067 | D:12     | Found Woanijah's Armour Emporium.
 21068 | D:12     | Found a staircase to the Orcish Mines.
 21079 | Orc:1    | Entered Level 1 of the Orcish Mines
 21408 | Orc:1    | Found a transporter.
 21408 | Orc:1    | Noticed Dootley's ghost (journeyman FoFi)
 21432 | Orc:1    | Found a transporter.
 21587 | Orc:1    | Killed Dootley's ghost
 22127 | D:2      | Bought the +10 scimitar of the Shrinking Ancients {freeze,
                  | +Blink} for 712 gold pieces
 22174 | D:1      | Bought a scroll of brand weapon for 114 gold pieces
 22550 | D:12     | Identified the +1 sling of Wedy {vorpal, rElec Str+4}
 22735 | Orc:2    | Entered Level 2 of the Orcish Mines
 22754 | Orc:2    | Found a runed translucent gate.
 22754 | Orc:2    | Found a runed translucent gate.
 22754 | Orc:2    | Found a runed translucent gate.
 22801 | Orc:2    | Found a staircase to the Elven Halls.
 22838 | Orc:2    | Found Miym's Book Shoppe.
 22988 | Orc:2    | Found an opulent altar of Gozag.
 22988 | Orc:2    | Noticed kevlar127's ghost (journeyman TrBe)
 23003 | Orc:2    | Killed kevlar127's ghost
 23004 | Orc:2    | Reached skill level 1 in Long Blades
 23342 | Orc:2    | Reached skill level 1 in Translocations
 23350 | Orc:2    | Reached XP level 16. HP: 99/122 MP: 5/28
 23361 | Orc:2    | Reached skill level 10 in Fighting
 23379 | Orc:2    | Reached skill level 10 in Conjurations
 23544 | Orc:2    | Found Memodux's Antique Weapon Shoppe.
 23548 | Orc:2    | Found Hoschel's Book Shoppe.
 23550 | Orc:2    | Found Fourej's Magic Scroll Shop.
 23559 | Orc:2    | Found Taof's Assorted Antiques.
 23563 | Orc:2    | Bought a scroll of identify for 32 gold pieces
 23563 | Orc:2    | Bought a scroll of enchant armour for 120 gold pieces
 23563 | Orc:2    | Bought a scroll of identify for 32 gold pieces
 23563 | Orc:2    | Bought a scroll of identify for 32 gold pieces
 23563 | Orc:2    | Identified a scroll of acquirement
 23579 | Orc:2    | Acquired 569 gold pieces
 23641 | Orc:2    | Bought a manual of Long Blades for 1040 gold pieces
 23734 | Orc:1    | Reached ****** piety under Qazlal
 24046 | D:12     | Noticed Jorgrun
 24052 | D:12     | Killed Jorgrun
 25448 | D:13     | Found a gate to the Vaults.
 25493 | D:14     | Noticed Frances
 25504 | D:14     | Killed Frances
 25682 | D:14     | Found a white marble altar of Elyvilon.
 25714 | Abyss:3  | Cast into level 3 of the Abyss (a wizard)
 25723 | Abyss:3  | Noticed a tentacled starspawn
 25752 | D:14     | Escaped the Abyss
 26115 | D:14     | Found a runed translucent door.
 26115 | D:14     | Noticed Faeteph's ghost (journeyman FoHu)
 26125 | D:14     | Killed Faeteph's ghost
 26275 | D:14     | Found Raonioh's Magic Scroll Shoppe.
 26701 | D:14     | Learned a level 2 spell: Passwall
 27065 | D:1      | Bought the ring of Ilapivoff {Fly Dex+3} for 369 gold
                  | pieces
 27370 | Swamp:1  | Entered Level 1 of the Swamp
 27401 | Lair:3   | Reached skill level 5 in Long Blades
 27417 | Swamp:1  | Reached skill level 11 in Ice Magic
 27650 | Swamp:1  | Reached XP level 17. HP: 111/129 MP: 10/29
 27852 | Swamp:1  | Upgraded the game from 0.29-a0-973-gac7da5f7f0 to
                  | 0.29-a0-982-gaed3a0c8d8
 29623 | Swamp:3  | Identified the +1 robe "Fuzob" {Int+3}
 29972 | Swamp:4  | Entered Level 4 of the Swamp
 30127 | Swamp:4  | Gained mutation: A frigid envelope surrounds you and
                  | freezes all who hurt you. [mutagenic glow]
 30168 | Swamp:4  | Found a frozen archway.
 30177 | IceCv    | Entered an ice cave
 31101 | IceCv    | Reached XP level 18. HP: 138/138 MP: 17/31
 31752 | Swamp:4  | Reached skill level 12 in Ice Magic
 31752 | Swamp:4  | Paralysed by a hornet for 3 turns
 31796 | Swamp:4  | Noticed the 27-headed Lernaean hydra
 31800 | Swamp:4  | Killed the 27-headed Lernaean hydra
 32000 | Swamp:4  | Got a decaying rune of Zot
 32526 | Orc:2    | Bought 2 scrolls of amnesia for 224 gold pieces
 32537 | Orc:2    | Learned a level 7 spell: Ozocubu's Refrigeration
 32706 | Spider:1 | Entered Level 1 of the Spider Nest
 32845 | Spider:1 | Reached skill level 10 in Long Blades
 33264 | Spider:1 | Reached skill level 10 in Spellcasting
 34551 | Spider:2 | Noticed Donald
 34557 | Spider:2 | Killed Donald
 34839 | Spider:2 | Reached XP level 19. HP: 145/145 MP: 18/33
 35827 | Spider:3 | Reached skill level 13 in Ice Magic
 36276 | Spider:4 | Entered Level 4 of the Spider Nest
 36492 | Spider:4 | Reached skill level 10 in Transmutations
 37047 | Spider:4 | Got a gossamer rune of Zot
 38936 | D:15     | Entered Level 15 of the Dungeon
 39324 | D:15     | Reached XP level 20. HP: 151/153 MP: 11/35
 39331 | D:15     | Learned a level 6 spell: Conjure Ball Lightning
 39574 | D:15     | Reached skill level 10 in Shields
 39739 | D:15     | Found a staircase to the Depths.
 39812 | D:15     | Noticed Louise
 39817 | D:15     | Killed Louise
 40463 | Vaults:1 | Entered Level 1 of the Vaults
 40612 | Vaults:1 | Gained mutation: You occasionally shout uncontrollably at
                  | your foes. [mutagenic glow]
 40662 | Vaults:1 | Found a crumbling gateway.
 40669 | Desolati | Entered the Desolation of Salt
 40989 | Desolati | Gained mutation: You have a pair of small antennae on your
                  | head. [mutagenic glow]
 41007 | Desolati | Reached skill level 14 in Ice Magic
 41448 | Desolati | Reached skill level 10 in Armour
 41448 | Desolati | Reached skill level 10 in Dodging
 41453 | Desolati | Gained mutation: You are weak. (Str -2) [mutagenic glow]
 41701 | Desolati | Identified the ring of Harpha {rPois rN+ Str+3 Int-3 Dex+6}
 41723 | Desolati | Got the Tome of Combat Magic
 41953 | Desolati | Gained mutation: You are clumsy. (Dex -2) [mutagenic glow]
 41965 | Desolati | Got the Almanac of the Loofah
 41977 | Desolati | Identified the +0 scale mail of Carved Creativity {rF+ rC+}
 41980 | Desolati | Identified the ring "Fadeh" {rN+ Dex+5 Slay+4}
 42107 | Desolati | Got the Disquisition on Twisted Feathers
 42124 | Desolati | Got the Treatise on the Caves
 42130 | Desolati | Got Vehumet's Catalogue of Conflict
 42234 | Vaults:1 | Reached XP level 21. HP: 88/161 MP: 1/36
 44790 | Vaults:2 | Reached skill level 10 in Air Magic
 45744 | Vaults:2 | Reached XP level 22. HP: 145/171 MP: 3/37
 45898 | Vaults:2 | Found Uloafod's Magic Scroll Emporium.
 46342 | Vaults:2 | You fall into a shaft and drop 1 floor!
 47615 | Vaults:3 | Found a staircase to the Crypt.
 47710 | Vaults:3 | Found a huge runed gate.
 47710 | Vaults:3 | Found a huge runed gate.
 47710 | Vaults:3 | Found a huge runed gate.
 47710 | Vaults:3 | Found a huge runed gate.
 47710 | Vaults:3 | Found a huge runed gate.
 47710 | Vaults:3 | Found a huge runed gate.
 47710 | Vaults:3 | Found a huge runed gate.
 47710 | Vaults:3 | Found a huge runed gate.
 47710 | Vaults:3 | Found a huge runed gate.
 47710 | Vaults:3 | Found a huge runed gate.
 47916 | Vaults:3 | Found a huge runed gate.
 47916 | Vaults:3 | Found a huge runed gate.
 47916 | Vaults:3 | Found a huge runed gate.
 47916 | Vaults:3 | Found a huge runed gate.
 47916 | Vaults:3 | Found a huge runed gate.
 47916 | Vaults:3 | Found a huge runed gate.
 47917 | Vaults:3 | Found a huge runed gate.
 47918 | Vaults:3 | Found a huge runed gate.
 47919 | Vaults:3 | Found a huge runed gate.
 47927 | Vaults:3 | Found a huge runed gate.
 47927 | Vaults:3 | Found a huge runed gate.
 47927 | Vaults:3 | Found a huge runed gate.
 47927 | Vaults:3 | Found a huge runed gate.
 47927 | Vaults:3 | Found a huge runed gate.
 47927 | Vaults:3 | Found a huge runed gate.
 47927 | Vaults:3 | Found a huge runed gate.
 47928 | Vaults:3 | Found a huge runed gate.
 47929 | Vaults:3 | Found a huge runed gate.
 47937 | Vaults:3 | Found a huge runed gate.
 47937 | Vaults:3 | Found a huge runed gate.
 47937 | Vaults:3 | Found a huge runed gate.
 47937 | Vaults:3 | Found a huge runed gate.
 47937 | Vaults:3 | Found a huge runed gate.
 47937 | Vaults:3 | Found a huge runed gate.
 47937 | Vaults:3 | Found a huge runed gate.
 47938 | Vaults:3 | Found a huge runed gate.
 48163 | Vaults:3 | Noticed a golden dragon
 48176 | Vaults:3 | Reached skill level 15 in Ice Magic
 48178 | Vaults:3 | Killed a golden dragon
 48179 | Vaults:3 | Reached skill level 15 in Long Blades
 48209 | Vaults:3 | Identified the +7 rapier of Youthful Indiscretion {chaos,
                  | rF- rCorr Str+5}
 48817 | Vaults:3 | Reached XP level 23. HP: 142/179 MP: 19/39
 50581 | Vaults:4 | Reached skill level 15 in Fighting
 50952 | Vaults:4 | Noticed Aizul
 50966 | Vaults:4 | Killed Aizul
 51835 | Vaults:4 | Reached skill level 5 in Throwing
 51838 | Vaults:4 | Found a runed translucent gate.
 51838 | Vaults:4 | Found a runed translucent gate.
 51838 | Vaults:4 | Noticed Juyf's ghost (adept OpAE)
 51838 | Vaults:4 | Noticed Oniofy's ghost (adept SpVM)
 51838 | Vaults:4 | Noticed Hyuliamusu's ghost (adept DjSu)
 51840 | Vaults:4 | Found a runed translucent gate.
 51862 | Vaults:4 | Killed Oniofy's ghost
 51863 | Vaults:4 | Killed Hyuliamusu's ghost
 51865 | Vaults:4 | Killed Juyf's ghost
 52247 | Vaults:2 | Bought a scroll of amnesia for 72 gold pieces
 52391 | Orc:2    | Bought a bone falchion for 288 gold pieces
 52391 | Orc:2    | Identified the +9 falchion "Faacrul" {drain, MP+9 Str+4
                  | Int-3 SInv} (You bought it in a shop on level 2 of the
                  | Orcish Mines)
 52431 | Elf:1    | Entered Level 1 of the Elven Halls
 52593 | Elf:1    | Found Nush's Antique Weapon Shop.
 52662 | Elf:1    | Paralysed by an air elemental for 1 turns
 52744 | Elf:1    | Reached XP level 24. HP: 183/188 MP: 19/40
 52850 | Elf:1    | Reached skill level 16 in Ice Magic
 52857 | Elf:1    | Noticed Agnes
 52861 | Elf:1    | Killed Agnes
 53116 | Vaults:2 | Bought a scroll of enchant armour for 135 gold pieces
 53263 | D:14     | Bought a scroll of enchant weapon for 120 gold pieces
 53263 | D:14     | Bought a scroll of enchant armour for 120 gold pieces
 53465 | Elf:1    | Got the Cyclopedia of Hurting
 54379 | Elf:2    | Found a runed translucent gate.
 54379 | Elf:2    | Found a runed translucent gate.
 54379 | Elf:2    | Found a runed translucent gate.
 54584 | Elf:2    | Learned a level 9 spell: Polar Vortex
 55342 | Elf:3    | Entered Level 3 of the Elven Halls
 55505 | Elf:3    | Reached skill level 1 in Evocations
 55966 | Elf:3    | Identified the +10 hand axe of the Grave {pain, Fragile
                  | Str+5 Dex-2 Stlth+}
 56089 | Elf:3    | Identified the +10 scimitar of Lisugos {freeze, rElec rN+}
 56115 | Elf:3    | Got Sif Muna's Tome of Death and Clay
 56120 | Elf:3    | Identified the ring "Ymot" {*Slow Fly rF++ rC+ Str+4}
 56150 | Elf:3    | Found the +6 arbalest "Damnation" {damnation}
 56159 | Elf:3    | Got Foxec's Compendium of Battling and Hypothermia
 56249 | Elf:3    | Learned a level 2 spell: Blink
 56281 | Elf:3    | Got the Tome of the Circus Animal
 56680 | Elf:3    | Reached skill level 17 in Ice Magic
 57153 | Depths:1 | Entered Level 1 of the Depths
 57446 | Depths:1 | Reached XP level 25. HP: 167/196 MP: 5/41
 57941 | Depths:1 | You are sucked into a shaft and drop 1 floor!
 58165 | Depths:2 | Noticed Bai Suzhen
 58178 | Depths:2 | Killed Bai Suzhen
 58181 | Depths:2 | Reached skill level 18 in Ice Magic
 58426 | Depths:2 | Learned a level 4 spell: Summon Lightning Spire
 58441 | Depths:2 | Found a one-way gateway to a ziggurat.
 58524 | Depths:2 | Found a gateway to Hell.
 58601 | Depths:1 | Learned a level 6 spell: Simulacrum
 58932 | Depths:1 | Found a hazy altar of Hepliaklqana.
 59291 | Depths:2 | Noticed Mara
 59295 | Depths:2 | Noticed wingedge's illusion
 59304 | Depths:2 | Killed Mara
 59463 | Depths:2 | Found a one-way gate leading to the halls of Pandemonium.
 59783 | Depths:3 | Upgraded the game from 0.29-a0-982-gaed3a0c8d8 to
                  | 0.29-a0-993-g4a18f31a58
 60024 | Depths:3 | Noticed a juggernaut
 60315 | Depths:3 | Killed a juggernaut
 60365 | Depths:3 | Reached skill level 19 in Ice Magic
 60422 | Depths:3 | Noticed Boris
 60711 | Depths:3 | Killed Boris
 60841 | Depths:3 | Identified the +1 plate armour of Day {rElec rC++}
 60882 | Depths:3 | Identified the +1 leather armour of the Cockroach {Str+7
                  | Dex-5 SInv}
 60914 | Depths:3 | Found an iron altar of Okawaru.
 61380 | Depths:3 | Found a glowing silver altar of Zin.
 61541 | Depths:3 | Found a one-way gate to the infinite horrors of the Abyss.
 61711 | Depths:3 | Voluntarily entered the Abyss.
 61758 | Abyss:4  | Reached skill level 20 in Ice Magic
 61792 | Abyss:4  | Got an abyssal rune of Zot
 61842 | Abyss:4  | Gained mutation: Your spells are a little easier to cast,
                  | but a little less powerful. [a neqoxec]
 61909 | Abyss:4  | Found a corrupted altar of Lugonu.
 61953 | Depths:3 | Escaped the Abyss
 61955 | Depths:3 | Lost mutation: You are weak. (Str -2) [potion of mutation]
 61955 | Depths:3 | Lost mutation: You occasionally shout uncontrollably at
                  | your foes. [potion of mutation]
 61955 | Depths:3 | Lost mutation: You have a pair of small antennae on your
                  | head. [potion of mutation]
 61955 | Depths:3 | Gained mutation: You have hidden genetic defects. [potion
                  | of mutation]
 61955 | Depths:3 | Gained mutation: Your body sometimes deteriorates upon
                  | taking damage. [potion of mutation]
 61955 | Depths:3 | Gained mutation: You have a somewhat thin skeletal
                  | structure. (Dex +2, Stealth+) [potion of mutation]
 61956 | Depths:3 | Lost mutation: A frigid envelope surrounds you and freezes
                  | all who hurt you. [potion of mutation]
 61956 | Depths:3 | Lost mutation: You have hidden genetic defects. [potion of
                  | mutation]
 61956 | Depths:3 | Lost mutation: Your body sometimes deteriorates upon taking
                  | damage. [potion of mutation]
 61956 | Depths:3 | Gained mutation: You expend magic power (3 MP) to
                  | strengthen your wands. [potion of mutation]
 61956 | Depths:3 | Gained mutation: You are robust. (+10% HP) [potion of
                  | mutation]
 61957 | Depths:3 | Lost mutation: You expend magic power (3 MP) to strengthen
                  | your wands. [potion of mutation]
 61957 | Depths:3 | Lost mutation: Your spells are a little easier to cast, but
                  | a little less powerful. [potion of mutation]
 61957 | Depths:3 | Gained mutation: You have a pair of small horns on your
                  | head. [potion of mutation]
 61957 | Depths:3 | Gained mutation: You have large cloven feet. [potion of
                  | mutation]
 62240 | Depths:4 | Entered Level 4 of the Depths
 62249 | Depths:4 | Noticed the Enchantress
 62257 | Depths:4 | Killed the Enchantress
 62258 | Depths:4 | Reached XP level 26. HP: 192/224 MP: 17/41
 62316 | Depths:4 | Reached skill level 21 in Ice Magic
 62876 | Depths:4 | Noticed Saint Roka
 63379 | Depths:4 | Killed Saint Roka
 63407 | Depths:4 | Noticed Mennas
 63429 | Depths:4 | Killed Mennas
 63828 | Depths:4 | Noticed Sojobo
 63874 | Depths:4 | Killed Sojobo
 63875 | Depths:4 | Reached skill level 22 in Ice Magic
 64224 | Depths:4 | Noticed Bysat's ghost (adept DgFi)
 64225 | Depths:4 | Found a runed translucent gate.
 64226 | Depths:4 | Found a runed translucent gate.
 64227 | Depths:4 | Found a runed translucent gate.
 64267 | Depths:4 | Killed Bysat's ghost
 64275 | Depths:4 | Identified the +13 plate armour of Leczow {Fly Will- Str+5}
 64561 | Depths:4 | Found a gate to the Realm of Zot.
 65265 | Slime:1  | Entered Level 1 of the Pits of Slime
 65271 | Slime:1  | Gained mutation: You occasionally shout uncontrollably at
                  | your foes. [a shining eye]
 65896 | Slime:3  | Reached skill level 23 in Ice Magic
 66224 | Slime:4  | Gained mutation: Your magical capacity is low. (-10% MP) [a
                  | shining eye]
 66225 | Slime:4  | Gained mutation: Armour fits poorly on your strangely
                  | shaped body. [a shining eye]
 66923 | Slime:5  | Entered Level 5 of the Pits of Slime
 66937 | Slime:5  | Paralysed by a great orb of eyes for 4 turns
 67138 | Slime:5  | Noticed the Royal Jelly
 67144 | Slime:5  | Killed the Royal Jelly
 67145 | Slime:5  | Reached XP level 27. HP: 149/231 MP: 31/36
 67604 | Slime:5  | Reached skill level 24 in Ice Magic
 67788 | Slime:5  | Identified the +0 kite shield "Peeh Tei" {Dex+4}
 67794 | Slime:5  | Got the Handbook of Interference
 67884 | Slime:5  | Got Umayrcha's Monograph on the Cankerous Barrage
 67888 | Slime:5  | Got a slimy rune of Zot
 67889 | Slime:5  | Identified the +1 rapier "Doafyfuy" {vorpal, MP+9 Int-3
                  | Dex+8 Stlth+}
 68646 | Vaults:4 | Learned a level 6 spell: Death Channel
 68694 | Vaults:5 | Entered Level 5 of the Vaults
 68704 | Vaults:5 | Reached skill level 10 in Necromancy
 68763 | Vaults:5 | Noticed an ancient lich
 68775 | Vaults:5 | Killed an ancient lich
 68776 | Vaults:5 | Reached skill level 15 in Spellcasting
 68807 | Vaults:5 | HP: 7/227 [titan/the air (36)]
 68809 | Vaults:5 | Killed from afar by a titan

Illustrated notes

##...)...... #
#........... #.
#...........
###.##........>..
................
............... ###
#####..#...### #####..
#?!:#..@.....#####.....#
#?:$#...####.........###
#?$$#...# ####...####
#####...# ##÷##
........# #.!##
........# ##..#
######### ##.## ##.##
#..##


Turn 4648 on D:5: dig for books

Levels and vault maps discovered:
D:1:      dpeg_arrival_signposts, layout_rooms, serial_shops, shop, shop,
          nicolae_shop_behind_doors, shop, nicolae_shop_behind_doors
D:2:      layout_loops_corners, basic_altar, serial_shops, shop,
          grunt_ministairs_5, kennysheep_generic_room_3
D:3:      layout_basic, dancing_weapons_uskayaw, mainiacjoe_overflow_catwalk,
          brannock_xom_greatest_gift, shapermc_ecumenical_altar_gd
D:4:      dreamdust_elfheim, layout_loops_cross,
          mainiacjoe_overflow_small_starburst, minmay_temple_entry_waves,
          minmay_diced_spiral, uniq_crazy_yiuf_cottage
D:5:      layout_cave_pods, serial_glass, glass_columns_c, glass_columns_c,
          item_on_display_a, due_unseen_surprise, minmay_strange_pillars,
          uniq_pikel, uniq_ijyb, uniq_menkaure
D:6:      layout_basic, mainiacjoe_overflow_paths
D:7:      layout_basic, nicolae_lava_and_water, chequers_hall_statues_corner_a,
          minmay_microvault, uniq_joseph
D:8:      layout_rooms, enter_bailey_4, uniq_grum, uniq_maurice, uniq_erica
D:9:      layout_roguey, mainiacjoe_overflow_boulevard,
          nicolae_sif_muna_condensation, uniq_maggie, uniq_prince_ribbit1,
          uniq_harold
D:10:     layout_gridville, lemuel_crystal_altar, nicolae_gozag_seed_capital,
          kennysheep_slug_shrine, lair_entry_dummy
D:11:     layout_rooms, uniq_sonja, uniq_gastronok, uniq_josephine
D:12:     layout_irregular_city, orc_david_3, small_chamber_with_monster,
          chequers_serial_rivers_room_b, uniq_jorgrun
D:13:     layout_loops_ring, david_vaults_5, minivault_1
D:14:     layout_long_grid, ebering_ghost_reflecting_pool, serial_shops,
          shop_statue, elyvilon_altar_1, minivault_21, uniq_frances
D:15:     grunt_enter_depths_hoard, layout_basic, special_room
          [special_room_orc], nicolae_kite_square_tiling_tiny, uniq_louise
Temple:   hellmonk_temple_flake
Lair:1:   layout_cave_pods, chequers_serial_rivers_small_b, uniq_amaemon
Lair:2:   layout_roguey, nicolae_spider_entry_orb_guardian, minivault_26,
          grunt_megastairs_5
Lair:3:   layout_roguey, swamp_mist, hellmonk_guarded_unrand_zhor,
          uniq_nergalle, uniq_snorg
Lair:4:   layout_cave_pods, dreamdust_deal_with_the_devil,
          infiniplex_staircase_pool_2
Lair:5:   evilmike_catoblepas_cave, layout_regular_city,
          dpeg_slime_entry_enclosed, kilobyte_rumbling_trees, uniq_kirke
Swamp:1:  layout_falls_marsh, evilmike_swamp_ruin_house_3
Swamp:2:  layout_falls_marsh, serial_swamp_ruin, hangedman_swamp_ruin_hall,
          evilmike_swamp_ruin_house_2, infiniplex_staircase_pool
Swamp:3:  layout_basic_swamp, hangedman_swamp_diagram, swamp_pool5,
          nicolae_swamp_stuck_in_the_mud
Swamp:4:  swamp_old_school, layout_basic_swamp, portal_ice_cave_entry_pillars_2,
          swamp_pool1
Spider:1: layout_cave_pods
Spider:2: layout_chambers, nicolae_spider_bug_shape, uniq_donald
Spider:3: layout_spider_delve
Spider:4: spider_rune_water, nicolae_spider_undead_wolf_pack
Slime:1:  layout_caves, cheibrodos_slime_lost_civilization_6
Slime:2:  layout_caves, cheibrodos_slime_lost_civilization_5
Slime:3:  layout_caves
Slime:4:  layout_caves
Slime:5
Orc:1:    layout_caves, gammafunk_ghost_stat_death, bh_open_orc_temple
Orc:2:    st_orc_open, layout_caves, ebering_ghost_gozag, serial_shops, shop
Elf:1:    nicolae_elf_arrival_no_cutting_in_line, layout_gridlike, serial_shops,
          nicolae_lakefront_shop, minmay_elf_annihilation, sword_in_stone
Elf:2:    elven_hall_of_blades_hangedman_original [nicolae_blade_tridents],
          layout_loops_cross
Elf:3:    minmay_elf_hall_not_hex, layout_gridlike
Vaults:1: portal_desolation_entry_nicolae_slug, ontoclasm_vaults_chip,
          nicolae_vaults_yaktaur_gun_rack, v_alt_pattern_6,
          nicolae_vaults_holding_cells, nicolae_vaults_asterisk,
          vaults_room_grunt_arrival_ludios, v_pattern_3, ontoclasm_vaults_spin,
          v_misc_25, vaults_mumra_chevron, nicolae_vaults_little_squares_2,
          nicolae_vaults_little_squares_5, nicolae_vaults_circle_grid_b,
          layout_vaults_big_cross
Vaults:2: nicolae_vaults_triangles, hangedman_vaults_maws, vaults_room_hallway,
          st_lattice, vaults_room_octagon, v_misc_8, vaults_mumra_hex,
          grunt_vaults_hallway_short, nicolae_vaults_little_squares_2,
          nicolae_vaults_network_barrier, hangedman_vaults_corner,
          v_alt_pattern_3, vaults_standard_mumra_x, v_misc_22, v_misc_13,
          layout_vaults_omnibox, serial_shops, shop
Vaults:3: hangedman_vaults_nodes, minmay_crypt_entry_simple_walls,
          vaults_mumra_hexcomb, ontoclasm_vaults_bender, v_misc_27,
          hangedman_vaults_corner_blocks, v_misc_5, door_vault,
          vaults_mumra_minichess, hangedman_vaults_impose,
          nicolae_vaults_shelves_hall, v_misc_24, grunt_vaults_twisty,
          layout_vaults_maze_bifur
Vaults:4: gammafunk_ghost_cemetery, vaults_room_fours, hangedman_vaults_slice,
          v_misc_1, nicolae_vaults_what_the_h, ontoclasm_vaults_loading_screen,
          v_misc_18, v_misc_15, vaults_room_corners, grunt_vaults_hallway_short,
          layout_vaults_quadrants, serial_shops, uniq_aizul
Vaults:5: serial_shops
Depths:1: layout_gridlike, grunt_hell_entry_dis_grunt, serial_bayou_pond_a,
          hangedman_decor_clover_reticule, nicolae_hepliaklqana_hazy_memory,
          serial_bayou_shore_b
Depths:2: nicolae_cairo_tiling_very_big, layout_long_grid, enter_ziggurat_f,
          rand_demon_pan_entry_9, hell_entry, uniq_mara, uniq_bai_suzhen,
          uniq_grunn
Depths:3: evilmike_iron_armoury, layout_gridlike, hell_entry,
          abyss_entry_crystal, zin_statuary, uniq_boris
Depths:4: evilmike_zot_entry_basic, layout_cave_shapes, hellmouth_3,
          gammafunk_ghost_split, uniq_sojobo, uniq_enchantress, uniq_josephina,
          uniq_saint_roka, uniq_mennas

Skill      XL: |  1  2  3  4  5  6  7  8  9 10 11 12 13 14 15 16 17 18 19 20 21 22 23 24 25 26 27 |
---------------+----------------------------------------------------------------------------------+-----
Fighting       | 1 2 3 4 5 6 7 8 9 10 11 12 13 14 15 16 | 16.0
Short Blades   | 1 2 3 4 5 6 |  6.6
Armour         | 1 2 3 4 5 6 7 8 9 10 11 12 | 12.0
Ice Magic      | 5 6 7 8 9 10 11 12 13 14 15 17 20 23 24 | 24.0
Necromancy     | 1 2 3 4 5 6 7 8 11 | 11.0
Conjurations   | 1 3 4 5 6 7 8 9 10 11 | 11.0
Earth Magic    | 1 3 4 5 |  5.0
Spellcasting   | 3 4 5 6 7 8 9 10 11 12 13 14 15 | 15.3
Stealth        | 3 4 5 6 |  6.0
Shields        | 2 3 5 6 7 8 9 10 11 12 13 | 13.0
Dodging        | 3 4 5 6 7 8 9 10 11 12 | 12.0
Throwing       | 2 3 5 |  5.0
Transmutations | 3 4 6 7 8 9 10 | 10.3
Air Magic      | 2 4 6 7 9 10 11 | 11.0
Long Blades    | 1 5 8 11 12 14 15 16 | 16.5
Translocations | 1 2 3 4 |  4.0
Evocations     | 2 3 |  3.0
Maces & Flails | |  0.5

Action                   |  1- 3 |  4- 6 |  7- 9 | 10-12 | 13-15 | 16-18 | 19-21 | 22-24 | 25-27 || total
-------------------------+-------+-------+-------+-------+-------+-------+-------+-------+-------++-------
Melee: Unarmed           |     3 |       |       |       |       |       |       |       |       ||     3
       Dagger            |     1 |    38 |    24 |       |       |       |       |       |       ||    63
       Punch             |       |     1 |     2 |       |       |       |       |       |       ||     3
       Rapier            |       |       |    76 |   150 |   124 |       |       |       |       ||   350
       Scimitar          |       |       |       |       |    28 |   240 |   344 |   318 |   293 ||  1223
       Staff             |       |       |       |       |     1 |     4 |     2 |     1 |       ||     8
       Falchion          |       |       |       |       |       |    20 |       |       |       ||    20
       Sling             |       |       |       |       |       |       |     3 |       |       ||     3
       Double sword      |       |       |       |       |       |       |    18 |    57 |   116 ||   191
       Quick blade       |       |       |       |       |       |       |       |       |    44 ||    44
       Headbutt          |       |       |       |       |       |       |       |       |    73 ||    73
Throw: Javelin           |    16 |     5 |     1 |       |       |       |       |       |       ||    22
       Dart              |       |       |       |    15 |     1 |     1 |       |     1 |     1 ||    19
       Boomerang         |       |       |       |     1 |       |       |       |       |       ||     1
       Throwing net      |       |       |       |     5 |     3 |     3 |     3 |       |     4 ||    18
 Cast: Freeze            |    44 |    60 |    19 |    14 |       |       |       |       |       ||   137
       Frozen Ramparts   |       |     6 |    22 |    29 |       |       |       |       |       ||    57
       Ozocubu's Armour  |       |     3 |    19 |    39 |    50 |    72 |    80 |    69 |    59 ||   391
       Sandblast         |       |       |    14 |     1 |       |       |       |       |       ||    15
       Stone Arrow       |       |       |    25 |    87 |    42 |    22 |       |       |       ||   176
       Hailstorm         |       |       |     1 |    75 |    96 |   115 |    95 |   135 |    72 ||   589
       Sublimation of Bl |       |       |       |    37 |    59 |    51 |    20 |    10 |     1 ||   178
       Irradiate         |       |       |       |    10 |    58 |    89 |    83 |    65 |    53 ||   358
       Freezing Cloud    |       |       |       |     4 |    48 |    50 |    63 |    77 |    69 ||   311
       Apportation       |       |       |       |       |    38 |    45 |    61 |    46 |    24 ||   214
       Dispel Undead     |       |       |       |       |     8 |    67 |    44 |    12 |     4 ||   135
       Wereblood         |       |       |       |       |     6 |    25 |    40 |    48 |    32 ||   151
       Passwall          |       |       |       |       |       |     7 |       |       |       ||     7
       Ozocubu's Refrige |       |       |       |       |       |    27 |    94 |   102 |    58 ||   281
       Conjure Ball Ligh |       |       |       |       |       |       |    19 |    18 |    33 ||    70
       Blink             |       |       |       |       |       |       |       |     2 |     7 ||     9
       Simulacrum        |       |       |       |       |       |       |       |       |    35 ||    35
       Summon Lightning  |       |       |       |       |       |       |       |       |     3 ||     3
       Polar Vortex      |       |       |       |       |       |       |       |       |    13 ||    13
       Death Channel     |       |       |       |       |       |       |       |       |     2 ||     2
 Abil: Evoke Blink       |       |       |       |       |       |     1 |     1 |     1 |       ||     3
Evoke: Wand              |       |     1 |     8 |       |       |       |     1 |     2 |     1 ||    13
       Tin of tremorston |       |       |       |       |     1 |       |       |       |       ||     1
       Phial of floods   |       |       |       |       |       |       |       |     1 |       ||     1
  Use: Potion            |       |     1 |     1 |     9 |     6 |     7 |    17 |     2 |    35 ||    78
       Scroll            |       |       |     9 |    15 |     8 |    16 |     7 |    12 |    13 ||    80
 Stab: Sleeping          |       |     6 |     1 |     2 |       |       |       |       |       ||     9
       Held in net/web   |       |       |       |     5 |       |       |       |       |       ||     5
       Invisible         |       |       |       |     2 |       |       |     1 |       |     1 ||     4
       Distracted        |       |       |       |       |       |       |       |       |     2 ||     2
Armor: Robe              |    10 |     1 |       |    19 |    21 |    60 |   207 |   136 |   119 ||   573
       Leather armour    |       |    15 |    40 |    99 |    39 |       |       |       |       ||   193
       Skin              |       |       |       |    23 |       |       |       |       |       ||    23
       Animal skin       |       |       |       |       |    33 |   161 |       |       |    23 ||   217
       Acid dragon scale |       |       |       |       |       |       |       |       |    50 ||    50
Dodge: Dodged            |    33 |    41 |    71 |   182 |   202 |   259 |   309 |   268 |   259 ||  1624
       Repelled          |       |       |       |       |       |     8 |     3 |    10 |    15 ||    36
Block: Buckler           |       |       |       |    69 |   164 |   393 |   531 |   460 |   489 ||  2106
       Other             |       |       |       |       |     3 |       |       |       |       ||     3
       Orb               |       |       |       |       |     4 |       |       |       |       ||     4

Table legend: (Time is in decaauts)
 A = Elapsed time spent in this place.
 B = Non-inter-level travel time spent in this place.
 C = Inter-level travel time spent in this place.
 D = Time resting spent in this place.
 E = Time spent auto-exploring this place.
 F = Levels seen in this place.
 G = Mean time per level.
                   A        B        C        D        E       F      G
               +--------+--------+--------+--------+--------+-----+--------+
         Total |  68010 |  59639 |   8371 |  18351 |  19206 |  54 | 1259.4 |
       Dungeon |  20092 |  15467 |   4625 |   4849 |   2776 |  15 | 1339.5 |
        Temple |    167 |    167 |      0 |      0 |    145 |   1 |  167.0 |
          Lair |   7262 |   6080 |   1182 |   2464 |    357 |   5 | 1452.4 |
         Swamp |   3773 |   3566 |    207 |    935 |   1617 |   4 |  943.2 |
   Spider Nest |   5948 |   5734 |    214 |   1039 |   3454 |   4 | 1487.0 |
    Slime Pits |   2997 |   2797 |    200 |    916 |   1363 |   5 |  599.4 |
  Orcish Mines |   2219 |   1780 |    439 |    280 |    686 |   2 | 1109.5 |
   Elven Halls |   4180 |   3841 |    339 |    545 |   2185 |   3 | 1393.3 |
        Vaults |  10493 |   9791 |    702 |   2796 |   4386 |   5 | 2098.6 |
        Depths |   7080 |   6619 |    461 |   2745 |   1612 |   4 | 1770.0 |
         Abyss |    237 |    237 |      0 |      4 |      0 |   3 |   79.0 |
        Bailey |   1036 |   1036 |      0 |    675 |     51 |   1 | 1036.0 |
      Ice Cave |   1032 |   1032 |      0 |    511 |    143 |   1 | 1032.0 |
    Desolation |   1486 |   1486 |      0 |    589 |    431 |   1 | 1486.0 |
               +--------+--------+--------+--------+--------+-----+--------+

Top non-repeatable levels by time:
Vaults:2: 3155 daAuts
Vaults:3: 2826 daAuts
Depths:3: 2509 daAuts
Vaults:4: 2430 daAuts
Spider:4: 2348 daAuts
  Lair:5: 2231 daAuts
Vaults:1: 2002 daAuts
Depths:4: 1841 daAuts
    D:15: 1836 daAuts
   Elf:2: 1822 daAuts
     D:7: 1708 daAuts
     D:5: 1603 daAuts
     D:1: 1596 daAuts
  Lair:1: 1532 daAuts
Depths:2: 1524 daAuts
